 Dungeon Crawl Stone Soup version 0.17-a0-776-gd86b262 (webtiles) character file.

95 oplop the Vexing (level 4, -3/21 HPs)
             Began as a Spriggan Enchanter on Apr 24, 2015.
             Slain by a gnoll
             ... wielding a +0 spear
              (11 damage)
             ... on level 2 of the Dungeon.
             The game lasted 00:03:22 (1100 turns).

oplop the Vexing (Spriggan Enchanter)               Turns: 1100, Time: 00:03:23

Health: -3/21      AC:  3    Str:  4    XL:     4   Next: 39%
Magic:  0/11       EV: 18    Int: 17    God:
Gold:   98         SH:  0    Dex: 16    Spells: 2 memorised, 8 levels left

rFire  . . .     SeeInvis +     a - +1 dagger
rCold  . . .     Clarity  .     b - +1 robe
rNeg   . . .     SustAb   .     (shield restricted)
rPois  .         Gourm    .     (helmet restricted)
rElec  .         Spirit   .     (no cloak)
rCorr  .         Warding  .     (gloves unavailable)
rMut   .         Stasis   .     (boots unavailable)
MR     .....                    (no amulet)
Stlth  +++.......               (no ring)
                                (no ring)

@: very slightly contaminated, very quick, not resistant to hostile
enchantments, fairly stealthy
A: unfitting armour, see invisible, herbivore 3, speed 3, slow metabolism 2
a: no special abilities


You were on level 2 of the Dungeon.
You were not hungry.

You visited 1 branch of the dungeon, and saw 2 of its levels.

You collected 98 gold pieces.

Inventory:

Hand weapons
 a - a +1 dagger (weapon)
Armour
 b - a +1 robe (worn)
Jewellery
 j - a cursed -5 ring of evasion {unknown}
Scrolls
 e - a scroll of fog {unknown}
 f - a scroll of identify {unknown}
 h - a scroll of blinking {unknown}
 i - a scroll of teleportation {unknown}
Potions
 g - 2 potions of curing {unknown}
Books
 c - a book of Maledictions

   Spells                             Type                      Level
   a - Corona                         Hexes                        1
   b - Ensorcelled Hibernation        Hexes/Ice                    2
   c - Confuse                        Hexes                        3
   d - Tukima's Dance                 Hexes                        3
   e - Dazzling Spray                 Conjuration/Hexes            3
Comestibles
 d - 2 bread rations


   Skills:
 - Level 1.1 Short Blades
 - Level 3.0 Dodging
 - Level 4.4 Stealth
 + Level 4.4 Spellcasting
 + Level 5.1 Hexes


You had 8 spell levels left.
You knew the following spells:

 Your Spells              Type           Power        Failure   Level  Hunger
a - Corona                Hex            ###....      1%          1    None
b - Ensorcelled Hibernat  Hex/Ice        ##....       10%         2    ##.....


Dungeon Overview and Level Annotations

Branches:
Dungeon (2/15)

Altars:


Innate Abilities, Weirdness & Mutations

You are tiny and cannot use many weapons and most armour.
You have supernaturally acute eyesight.
You are a herbivore.
You cover ground extremely quickly.
You need consume almost no food.


Message History

You impale the adder!!
You kill the adder!
Casting: Ensorcelled Hibernation
Confirm with . or Enter, or press ? or * to list all spells.
Aiming: Ensorcelled Hibernation
Press: ? - help, Shift-Dir - straight line, f - gnoll
Aim: a gnoll, wielding a spear (chance 51%)
The gnoll resists with some effort.
Casting: Ensorcelled Hibernation
Confirm with . or Enter, or press ? or * to list all spells.
Aiming: Ensorcelled Hibernation
Press: ? - help, Shift-Dir - straight line, f/p - gnoll
Aim: a gnoll, wielding a spear (chance 51%)
You miscast Ensorcelled Hibernation.
You are very lightly contaminated with residual magic.
Nothing appears to happen.
The gnoll hits you from afar with a spear.
The gnoll hits you from afar with a spear!
Ouch! That really hurt!
You die...

......#..### #.#
..###......# #.##
...##......# #..#
..#........# ##.#
.#.........# #<#
#....†.....# #.#
....#......# #.#
.##.#......#####.#####
.##.#.†....#....@....##
....#.................#
#.......##....g......##
.#..###..........#####
..#..............#
...######.......## ####
##.......# #.......#
#.......#


You could see a gnoll.

Vanquished Creatures
  2 gnolls
  4 adders
  An ooze (D:1)
  3 worms (D:2)
  4 bats (D:1)
  A giant cockroach (D:1)
  2 hobgoblins (D:1)
  A giant newt (D:1)
  2 goblins
  6 kobolds (D:1)
  10 rats
36 creatures vanquished.

Notes
Turn   | Place    | Note
--------------------------------------------------------------
     0 | D:1      | oplop, the Spriggan Enchanter, began the quest for the Orb.
     0 | D:1      | Reached XP level 1. HP: 9/9 MP: 5/5
    93 | D:1      | Reached XP level 2. HP: 13/13 MP: 7/7
    97 | D:1      | Learned a level 2 spell: Ensorcelled Hibernation
   546 | D:1      | Reached XP level 3. HP: 9/16 MP: 3/9
   900 | D:2      | Reached skill level 5 in Hexes
   917 | D:2      | Reached XP level 4. HP: 14/21 MP: 0/11
  1100 | D:2      | Slain by a gnoll

Action                   |  1- 3 |  4- 6 || total
-------------------------+-------+-------++-------
Melee: Dagger            |    77 |     3 ||    80
 Cast: Ensorcelled Hiber |    16 |     5 ||    21
 Stab: Sleeping          |    21 |     3 ||    24
